| TOP OF THE 1ST |
|
Birmingham Barons batting - Pitching for Montgomery Biscuits : RHP Kyle Thomas
|
|
Pitching: RHP Kyle Thomas
|
|
|
Batting: RHB Ron Johansen
|
0-0: Ball 1-0: Foul Ball, location: 2F 1-1: Swinging Strike 1-2: SINGLE (Line Drive, 89S, EV 93.8 MPH)
|
|
Batting: LHB Joe Kirkland
|
0-0: Ball 1-0: Fly out, F7 (Flyball, 78S, EV 86.2 MPH)
|
|
Batting: LHB Jason Bell
|
0-0: Ball 1-0: Ball 2-0: Called Strike 2-1: Grounds into double play, 4-6-3 (Groundball, 34D, EV 111.9 MPH)
|
| Top of the 1st over - 0 runs, 1 hit, 0 errors, 0 left on base; Birmingham 0 - Montgomery 0 |
| BOTTOM OF THE 1ST |
|
Montgomery Biscuits batting - Pitching for Birmingham Barons : RHP Cody Walsh
|
|
Pitching: RHP Cody Walsh
|
|
|
Batting: RHB Adam Turpin
|
0-0: Ball 1-0: Foul Ball, location: 2F 1-1: Swinging Strike 1-2: Foul Ball, location: 2F 1-2: Ball 2-2: Strikes out swinging, 2-3 out at first.
|
|
Batting: LHB Mario Ocana
|
0-0: Ball 1-0: Fly out, F9 (Flyball, 89M, EV 98.1 MPH)
|
|
Batting: RHB Alex Zamora
|
0-0: Ball 1-0: Ball 2-0: Ground out U3 (Groundball, 34, EV 82.5 MPH)
|
| Bottom of the 1st over - 0 runs, 0 hits, 0 errors, 0 left on base; Birmingham 0 - Montgomery 0 |
| TOP OF THE 2ND |
|
Birmingham Barons batting - Pitching for Montgomery Biscuits : RHP Kyle Thomas
|
|
Batting: LHB Matt Hyde
|
0-0: Swinging Strike 0-1: Ball 1-1: Ground out 6-3 (Groundball, 6D, EV 99.4 MPH)
|
|
Batting: RHB Jose Medina
|
0-0: Called Strike 0-1: Ball 1-1: Foul Ball, location: 2F 1-2: Ball 2-2: SINGLE (Line Drive, 34, EV 98.1 MPH)
|
|
Batting: SHB Veit Geisler
|
0-0: Swinging Strike 0-1: Ball 1-1: Ball 2-1: Called Strike Jose Medina steals 2nd base (no throw) 2-2: Foul Ball, location: 2F 2-2: Ball 3-2: Foul Ball, location: 2F 3-2: Fly out, F8 (Flyball, 8RS, EV 85.0 MPH)
|
|
Batting: RHB Trevor Conklin
|
0-0: Ball 1-0: 2-RUN HOME RUN (Line Drive, 9D, EV 103.8 MPH), Distance : 393 ft
|
|
Batting: SHB Matt Childers
|
0-0: Ball 1-0: Called Strike 1-1: Fly out, F7 (Line Drive, 7, EV 105.0 MPH)
|
| Top of the 2nd over - 2 runs, 2 hits, 0 errors, 0 left on base; Birmingham 2 - Montgomery 0 |
| BOTTOM OF THE 2ND |
|
Montgomery Biscuits batting - Pitching for Birmingham Barons : RHP Cody Walsh
|
|
Batting: RHB Freddy Mullen
|
0-0: Ball 1-0: Ball 2-0: Swinging Strike 2-1: Ball 3-1: Foul Ball, location: 2F 3-2: Fly out, F9 (Line Drive, 9D, EV 90.6 MPH)
|
|
Batting: RHB Dan Marks
|
0-0: Ball 1-0: Foul Ball, location: 2F 1-1: Foul Ball, location: 2F 1-2: Strikes out swinging
|
|
Batting: LHB Rich Matthews
|
0-0: Ball 1-0: Ground out U3 (Groundball, 3, EV 101.2 MPH)
|
| Bottom of the 2nd over - 0 runs, 0 hits, 0 errors, 0 left on base; Birmingham 2 - Montgomery 0 |
| TOP OF THE 3RD |
|
Birmingham Barons batting - Pitching for Montgomery Biscuits : RHP Kyle Thomas
|
|
Batting: RHB Danny Heikkila
|
0-0: Called Strike 0-1: Swinging Strike 0-2: Foul Ball, location: 2F 0-2: Fly out, F8 (Flyball, 8LM, EV 78.1 MPH)
|
|
Batting: RHB Ron Johansen
|
0-0: SINGLE (Flyball, 56D, EV 95.6 MPH)
|
|
Batting: LHB Joe Kirkland
|
0-0: Called Strike 0-1: Ball 1-1: Foul Ball, location: 2F 1-2: Strikes out looking
|
|
Batting: LHB Jason Bell
|
0-0: Ball 1-0: Swinging Strike 1-1: Ground out 4-3 (Groundball, 34S, EV 92.5 MPH)
|
| Top of the 3rd over - 0 runs, 1 hit, 0 errors, 1 left on base; Birmingham 2 - Montgomery 0 |
| BOTTOM OF THE 3RD |
|
Montgomery Biscuits batting - Pitching for Birmingham Barons : RHP Cody Walsh
|
|
Batting: RHB Dave Galloway
|
0-0: Ball 1-0: Fly out, F3 (Popup, 3S, EV 81.2 MPH)
|
|
Batting: RHB Khalil Walker
|
0-0: Ground out 3-1 (Groundball, 34, EV 101.2 MPH)
|
|
Batting: LHB Alex Genao
|
0-0: Ball 1-0: Called Strike 1-1: Called Strike 1-2: Strikes out swinging
|
| Bottom of the 3rd over - 0 runs, 0 hits, 0 errors, 0 left on base; Birmingham 2 - Montgomery 0 |
| TOP OF THE 4TH |
|
Birmingham Barons batting - Pitching for Montgomery Biscuits : RHP Kyle Thomas
|
|
Batting: LHB Matt Hyde
|
0-0: Ball 1-0: Ground out 3-1 (Groundball, 34, EV 90.6 MPH)
|
|
Batting: RHB Jose Medina
|
0-0: Ball 1-0: Swinging Strike 1-1: SINGLE (Groundball, 56S, EV 65.0 MPH) (infield hit)
|
|
Batting: SHB Veit Geisler
|
0-0: Called Strike Jose Medina steals 2nd base 0-1: Ball 1-1: Swinging Strike 1-2: DOUBLE (Line Drive, 89M, EV 91.9 MPH) Jose Medina scores
|
|
Batting: RHB Trevor Conklin
|
0-0: Called Strike 0-1: Ball Wild Pitch! Veit Geisler to third 1-1: Ground out 6-3 (Groundball, 6, EV 95.6 MPH) Veit Geisler scores
|
|
Batting: SHB Matt Childers
|
0-0: Called Strike 0-1: Ball 1-1: Foul Ball, location: 2F 1-2: Foul Ball, location: 2F 1-2: SINGLE (Flyball, 78S, EV 93.8 MPH)
|
|
Batting: RHB Danny Heikkila
|
0-0: Fly out, F9 (Flyball, 9, EV 93.1 MPH)
|
| Top of the 4th over - 2 runs, 3 hits, 0 errors, 1 left on base; Birmingham 4 - Montgomery 0 |
| BOTTOM OF THE 4TH |
|
Montgomery Biscuits batting - Pitching for Birmingham Barons : RHP Cody Walsh
|
|
Batting: RHB Adam Turpin
|
0-0: Ball 1-0: Called Strike 1-1: Foul Ball, location: 2F 1-2: DOUBLE (Flyball, 89XD, EV 99.4 MPH)
|
|
Batting: LHB Mario Ocana
|
0-0: Ball 1-0: Swinging Strike 1-1: Ball 2-1: Foul Ball, location: 2F 2-2: Foul Ball, location: 2F 2-2: Strikes out swinging
|
|
Batting: RHB Alex Zamora
|
0-0: Called Strike 0-1: Ball 1-1: Ball 2-1: Foul Ball, location: 2F 2-2: Reached on error, E6 (Groundball, 6, EV 106.9 MPH) Adam Turpin scores
|
|
Batting: RHB Freddy Mullen
|
0-0: Ball 1-0: Ball 2-0: Called Strike 2-1: Reached on error, E6 (Groundball, 6, EV 105.0 MPH) Alex Zamora to third
|
|
Batting: RHB Dan Marks
|
0-0: DOUBLE (Flyball, 8RXD, EV 112.5 MPH) Alex Zamora scores Freddy Mullen to third
|
|
Batting: LHB Rich Matthews
|
0-0: Called Strike 0-1: SINGLE (Groundball, 34S, EV 65.0 MPH) (infield hit)
|
|
Batting: RHB Dave Galloway
|
0-0: Ball 1-0: Called Strike 1-1: Foul Ball, location: 2F 1-2: Strikes out swinging
|
|
Batting: RHB Khalil Walker
|
0-0: Ball 1-0: Called Strike 1-1: Fielders Choice at 2nd, 5-4 (Groundball, 56, EV 80.0 MPH)
|
| Bottom of the 4th over - 2 runs, 3 hits, 2 errors, 3 left on base; Birmingham 4 - Montgomery 2 |
| TOP OF THE 5TH |
|
Birmingham Barons batting - Pitching for Montgomery Biscuits : RHP Kyle Thomas
|
|
Batting: RHB Ron Johansen
|
0-0: Foul Ball, location: 2F 0-1: Swinging Strike 0-2: Ball 1-2: Strikes out swinging
|
|
Batting: LHB Joe Kirkland
|
0-0: Called Strike 0-1: Ball 1-1: Fly out, F8 (Flyball, 8LD, EV 101.9 MPH)
|
|
Batting: LHB Jason Bell
|
0-0: Foul Ball, location: 2F 0-1: Ball 1-1: SOLO HOME RUN (Flyball, 7D, EV 96.2 MPH), Distance : 376 ft
|
|
Pitching: RHP Cameron Bianchi
|
|
|
Batting: LHB Matt Hyde
|
0-0: Called Strike 0-1: Ball 1-1: Ball 2-1: Foul Ball, location: 2F 2-2: Foul Ball, location: 2F 2-2: Foul Ball, location: 2F 2-2: Foul Ball, location: 2F 2-2: Ball 3-2: Fly out, F4 (Line Drive, 4, EV 65.0 MPH)
|
| Top of the 5th over - 1 run, 1 hit, 0 errors, 0 left on base; Birmingham 5 - Montgomery 2 |
| BOTTOM OF THE 5TH |
|
Montgomery Biscuits batting - Pitching for Birmingham Barons : RHP Cody Walsh
|
|
Batting: LHB Alex Genao
|
0-0: Swinging Strike 0-1: Called Strike 0-2: Ball 1-2: Strikes out swinging
|
|
Batting: RHB Adam Turpin
|
0-0: Called Strike 0-1: Swinging Strike 0-2: Foul Ball, location: 2F 0-2: Ball 1-2: Foul Ball, location: 2F 1-2: SINGLE (Groundball, 4MD, EV 107.5 MPH)
|
|
Batting: LHB Mario Ocana
|
0-0: SINGLE (Groundball, 4D, EV 97.5 MPH) Adam Turpin to second Runner from 2nd tries for 3rd, SAFE, throw by CF made to third
|
|
Batting: RHB Alex Zamora
|
0-0: Hit by Pitch Mario Ocana to second
|
|
Batting: RHB Freddy Mullen
|
0-0: Swinging Strike 0-1: Called Strike 0-2: SINGLE (Line Drive, 78M, EV 105.0 MPH) Adam Turpin scores Mario Ocana to third Alex Zamora to second Runner from 3rd tries for Home, SAFE, throw by LF to home
|
|
Batting: RHB Dan Marks
|
0-0: SINGLE (Line Drive, 89S, EV 106.9 MPH) Alex Zamora to third Freddy Mullen to second
|
|
Batting: LHB Rich Matthews
|
0-0: Foul Ball, location: 2F 0-1: Grounds out, U3 (Groundball, 3L, EV 105.0 MPH) Alex Zamora scores Freddy Mullen to third
|
|
Pitching: RHP Toyotoshi Matsui
|
|
|
Batting: RHB Dave Galloway
|
0-0: Called Strike 0-1: Foul Ball, location: 2F 0-2: Foul Ball, location: 2F 0-2: Fly out, F7 (Flyball, 78M, EV 89.4 MPH)
|
| Bottom of the 5th over - 3 runs, 4 hits, 0 errors, 2 left on base; Birmingham 5 - Montgomery 5 |
| TOP OF THE 6TH |
|
Birmingham Barons batting - Pitching for Montgomery Biscuits : RHP Cameron Bianchi
|
|
Batting: RHB Jose Medina
|
0-0: Called Strike 0-1: Ball 1-1: Ball 2-1: Ball 3-1: SINGLE (Groundball, 56D, EV 104.4 MPH)
|
|
Batting: SHB Veit Geisler
|
0-0: Called Strike 0-1: Foul Ball, location: 2F 0-2: Ball 1-2: Strikes out swinging
|
|
Pinch Hitting: LHB Dalton Silveira
|
0-0: Foul Ball, location: 2F 0-1: Ball 1-1: Ball 2-1: Fly out, F7 (Flyball, 78S, EV 87.5 MPH)
|
|
Batting: SHB Matt Childers
|
0-0: Ball Jose Medina steals 2nd base 1-0: Called Strike 1-1: Called Strike 1-2: Foul Ball, location: 2F 1-2: Fly out, F7 (Flyball, 7, EV 89.4 MPH)
|
| Top of the 6th over - 0 runs, 1 hit, 0 errors, 1 left on base; Birmingham 5 - Montgomery 5 |
| BOTTOM OF THE 6TH |
|
Montgomery Biscuits batting - Pitching for Birmingham Barons : RHP Toyotoshi Matsui
|
|
Now at SS: Dalton Silveira
|
|
|
Batting: RHB Khalil Walker
|
0-0: Called Strike 0-1: Ground out 4-3 (Groundball, 34, EV 85.0 MPH)
|
|
Batting: LHB Alex Genao
|
0-0: Ground out 4-3 (Groundball, 4M, EV 88.8 MPH)
|
|
Batting: RHB Adam Turpin
|
0-0: SINGLE (Line Drive, 9S, EV 103.8 MPH)
|
|
Batting: LHB Mario Ocana
|
0-0: Ball 1-0: 2-RUN HOME RUN (Flyball, 89XD, EV 98.8 MPH), Distance : 383 ft
|
|
Batting: RHB Alex Zamora
|
0-0: Ball 1-0: Ball 2-0: Foul Ball, location: 2F 2-1: Ball 3-1: Foul Ball, location: 2F 3-2: Ground out 5-3 (Groundball, 5L, EV 83.8 MPH)
|
| Bottom of the 6th over - 2 runs, 2 hits, 0 errors, 0 left on base; Birmingham 5 - Montgomery 7 |
| TOP OF THE 7TH |
|
Birmingham Barons batting - Pitching for Montgomery Biscuits : RHP Cameron Bianchi
|
|
Batting: RHB Danny Heikkila
|
0-0: Ball 1-0: Ball 2-0: Called Strike 2-1: Foul Ball, location: 2F 2-2: Ball 3-2: Strikes out swinging
|
|
Batting: RHB Ron Johansen
|
0-0: Ball 1-0: Ground out 6-3 (Groundball, 6, EV 88.8 MPH)
|
|
Batting: LHB Joe Kirkland
|
0-0: Foul Ball, location: 2F 0-1: Called Strike 0-2: DOUBLE (Flyball, 78D, EV 114.4 MPH)
|
|
Batting: LHB Jason Bell
|
0-0: Called Strike 0-1: Ball 1-1: Called Strike 1-2: SINGLE (Groundball, 56D, EV 102.5 MPH) Joe Kirkland to third Runner from 3rd tries for Home, SAFE, throw by LF to home
|
|
Batting: LHB Matt Hyde
|
0-0: Ground out 4-3 (Groundball, 4, EV 98.8 MPH)
|
| Top of the 7th over - 1 run, 2 hits, 0 errors, 1 left on base; Birmingham 6 - Montgomery 7 |
| BOTTOM OF THE 7TH |
|
Montgomery Biscuits batting - Pitching for Birmingham Barons : RHP Toyotoshi Matsui
|
|
Batting: RHB Freddy Mullen
|
0-0: Swinging Strike 0-1: Swinging Strike 0-2: Strikes out swinging
|
|
Batting: RHB Dan Marks
|
0-0: Swinging Strike 0-1: Ball 1-1: Swinging Strike 1-2: Foul Ball, location: 2F 1-2: Strikes out swinging
|
|
Batting: LHB Rich Matthews
|
0-0: Ball 1-0: Ball 2-0: Ball 3-0: Hit by Pitch
|
|
Batting: RHB Dave Galloway
|
0-0: Ball 1-0: Called Strike 1-1: Fly out, F8 (Flyball, 78M, EV 88.1 MPH)
|
| Bottom of the 7th over - 0 runs, 0 hits, 0 errors, 1 left on base; Birmingham 6 - Montgomery 7 |
| TOP OF THE 8TH |
|
Birmingham Barons batting - Pitching for Montgomery Biscuits : RHP Cameron Bianchi
|
|
Pitching: LHP Brian Kelly
|
|
|
Batting: RHB Jose Medina
|
0-0: Ball 1-0: Ball 2-0: Foul Ball, location: 2F 2-1: Ball 3-1: Base on Balls
|
|
Batting: SHB Veit Geisler
|
0-0: Sac Bunt to 5S - play at first, batter OUT! 5-3 Jose Medina to second
|
|
Pinch Hitting: RHB Ashton Holloway
|
0-0: Ball 1-0: Ground out 5-3 (Groundball, 56S, EV 67.5 MPH) Jose Medina to third
|
|
Pinch Hitting: RHB Danny Longoria
|
0-0: Ball 1-0: Swinging Strike 1-1: Ball 2-1: Foul Ball, location: 2F 2-2: Foul Ball, location: 2F 2-2: Ball 3-2: Strikes out looking
|
| Top of the 8th over - 0 runs, 0 hits, 0 errors, 1 left on base; Birmingham 6 - Montgomery 7 |
| BOTTOM OF THE 8TH |
|
Montgomery Biscuits batting - Pitching for Birmingham Barons : RHP Toyotoshi Matsui
|
|
Pitching: RHP Nate Myers
|
|
|
Now at 3B: Danny Longoria
|
|
|
Now at SS: Jason Bresnahan
|
|
|
Batting: RHB Khalil Walker
|
0-0: Swinging Strike 0-1: Foul Ball, location: 2F 0-2: Ground out 5-3 (Groundball, 56, EV 105.6 MPH)
|
|
Batting: LHB Alex Genao
|
0-0: Foul Ball, location: 2F 0-1: Ball 1-1: Swinging Strike 1-2: Foul Ball, location: 2F 1-2: Strikes out swinging
|
|
Batting: RHB Adam Turpin
|
0-0: Called Strike 0-1: Ball 1-1: Called Strike 1-2: Foul Ball, location: 2F 1-2: Ball 2-2: Strikes out swinging
|
| Bottom of the 8th over - 0 runs, 0 hits, 0 errors, 0 left on base; Birmingham 6 - Montgomery 7 |
| TOP OF THE 9TH |
|
Birmingham Barons batting - Pitching for Montgomery Biscuits : LHP Brian Kelly
|
|
Pitching: RHP Josh McMahan
|
|
|
Now at 1B: Alex Genao
|
|
|
Now at 2B: Khalil Walker
|
|
|
Now at SS: John Downing
|
|
|
Batting: RHB Danny Heikkila
|
0-0: Swinging Strike 0-1: Swinging Strike 0-2: Ball 1-2: Ball 2-2: Ball 3-2: Foul Ball, location: 2F 3-2: Foul Ball, location: 2F 3-2: Foul Ball, location: 2F 3-2: Strikes out swinging
|
|
Batting: RHB Ron Johansen
|
0-0: Foul Ball, location: 2F 0-1: Fly out, F8 (Flyball, 8LD, EV 81.2 MPH)
|
|
Batting: LHB Joe Kirkland
|
0-0: Called Strike 0-1: Foul Ball, location: 2F 0-2: SINGLE (Groundball, 56S, EV 73.1 MPH) (infield hit)
|
|
Batting: LHB Jason Bell
|
0-0: Called Strike 0-1: Called Strike 0-2: Strikes out looking
|
| Top of the 9th over - 0 runs, 1 hit, 0 errors, 1 left on base; Birmingham 6 - Montgomery 7 |
|